 Dungeon Crawl Stone Soup version 0.20.1-1-g8b1a95d (webtiles) character file.

49 polve the Ruffian (level 3, 0/37 HPs)
             Began as a Troll Fighter on Aug 13, 2017.
             Slain by Sigmund
             ... wielding a +0 scythe
              (12 damage)
             ... on level 2 of the Dungeon.
             The game lasted 00:02:00 (1112 turns).

polve the Ruffian (Troll Fighter)                   Turns: 1112, Time: 00:02:00

Health: 0/37       AC:  5    Str: 24    XL:     3   Next: 51%
Magic:  2/2        EV:  7    Int:  4    God:
Gold:   52         SH:  8    Dex: 10    Spells: 2/2 levels left

rFire    . . .     SeeInvis .     - Unarmed
rCold    . . .     Gourm    +   b - +0 shield
rNeg     . . .     Faith    .   a - +0 robe
rPois    .         Spirit   .   (helmet restricted)
rElec    .         Reflect  .   (no cloak)
rCorr    .         Harm     .   (gloves unavailable)
MR       .....                  (boots unavailable)
Stlth    +.........             (no amulet)
Regen    0.6/turn               (no ring)
MPRegen  0.1/turn               (no ring)

@: drained
A: unfitting armour, claws 3, fast metabolism 3, gourmand, regeneration 1,
shaggy fur 1, tough skin 2
a: no special abilities


You were on level 2 of the Dungeon.
You were full.

You visited 1 branch of the dungeon, and saw 2 of its levels.

You collected 52 gold pieces.

Inventory:

Armour
 a - a +0 robe (worn)
 b - a +0 shield (worn)
Scrolls
 e - a scroll of magic mapping {unknown}
 j - a scroll of teleportation {unknown}
 k - a scroll of noise {unknown}
Potions
 c - a potion of might
 f - a potion of mutation {unknown}
 h - a potion of degeneration {unknown}
 i - a potion of haste {unknown}
Comestibles
 d - 3 bread rations
 g - 2 fruits


   Skills:
 + Level 3.0(2.5) Fighting
 - Level 2.4(1.8) Dodging
 - Level 2.4(1.8) Shields
 + Level 3.2(2.6) Unarmed Combat


You had 2 spell levels left.
You didn't know any spells.

Dungeon Overview and Level Annotations

Branches:
Dungeon (2/15)

Altars:

Annotations:
D:2 Sigmund


Innate Abilities, Weirdness & Mutations

You are too large for most types of armour.
You have claws for hands.
Your metabolism is lightning-fast.
You like to eat raw meat.
Your natural rate of healing is unusually fast.
You are covered in fur. (AC +1)
You have very tough skin. (AC +2)


Message History

* * * LOW HITPOINT WARNING * * *
The rat bites you but does no damage. The jackal bites you.
* * * LOW HITPOINT WARNING * * *
A jackal comes into view.
You closely miss the rat.
The jackal barks!
The rat completely misses you.
Sigmund casts a spell.
Sigmund flickers and vanishes!
Deactivating autopickup; reactivate with Ctrl-A.
The jackal bites you.
* * * LOW HITPOINT WARNING * * *
You're too confused to move!
The jackal bites you.
* * * LOW HITPOINT WARNING * * *
The rat bites you but does no damage. Something completely misses you.
A jackal comes into view.
You miss the rat.
You feel less confused. You block the jackal's attack.
You block the rat's attack. Something hits you!
You die...

#....###..######.#.#.
#....................
###..###...#.........
###### ##.###............#
......###..##.........##.#
...........##.#........#.#
.........†........###. #.#
..........#.#.#.#.# .. ..#
.........@#.....#.# # ###
....).#..rhl..###
......#..h{..>#
......#.......# #####
#...h...# #.........
#....h..### #.......#
#.......#


You could see a leopard gecko, 4 jackals and a rat.

Vanquished Creatures
  An adder (D:2)
  An ooze (D:2)
  2 leopard geckos (D:1)
  A bat (D:2)
  2 giant cockroaches
  6 goblins
  6 hobgoblins
  A ball python (D:1)
  3 frilled lizards
  5 kobolds
  3 rats
31 creatures vanquished.

Vanquished Creatures (others)
  A plant (D:2)
1 creature vanquished.

Grand Total: 32 creatures vanquished

Notes
Turn   | Place    | Note
-------+----------+-------------------------------------------
     0 | D:1      | polve the Troll Fighter began the quest for the Orb.
     0 | D:1      | Reached XP level 1. HP: 22/22 MP: 0/0
   154 | D:1      | Reached XP level 2. HP: 29/29 MP: 1/1
   679 | D:2      | Reached XP level 3. HP: 32/36 MP: 2/2
   894 | D:2      | Found a faded altar of an unknown god.
  1091 | D:2      | Noticed Sigmund
  1112 | D:2      | Slain by Sigmund

Skill      XL: |  1  2  3 |
---------------+----------+-----
Unarmed Combat | 3 |  3.2
Fighting       | 3 |  3.0
Dodging        | |  2.4
Shields        | |  2.4

Action                   || total
-------------------------++-------
Melee: Unarmed           ||    74
  Eat: Chunk             ||    13
Armor: Robe              ||    28
Dodge: Dodged            ||    26
Block: Shield            ||    23
